Match 45401711
Unlisted

Match 45401711
End
Vickers Machine Gun Team
Construct Section Command Post
Selects Heavy Armor Battlegroup
Dingo Light Scout Car
Infantry Section
Infantry Section
Selects Rigorous Vehicle Training
Construct Platoon Command Post
Humber Armored Car
Humber Armored Car
Infantry Section
Humber Armored Car
Humber Armored Car
Humber Armored Car
Humber Armored Car
Selects Light Vehicle Withdraw and Refit
Selects Forward Repair Assembly
Selects UNKNOWN (2162094)
Selects Radio Net
Selects Recon Artillery
Light Vehicle Withdraw and Refit
Light Vehicle Withdraw and Refit
Construct Company Command Post
Light Vehicle Withdraw and Refit
Foot Guards Section
Foot Guards Section
Churchill IV Heavy Tank
Foot Guards Section
Recon Artillery
403671774
Chicken
Ermac
MonikaのPants
0
0

Comments sign in to comment!

No comments posted yet!